Map: Deathaura LE

Players

NXZ - Winner!

  • Race: Zerg Zerg
  • Spawn Location: 5:00

EnDerr

  • Race: Zerg Zerg
  • League: Master
  • Spawn Location: 11:00

Event: DreamHack SC2 Masters 2020 Summer Oceania RoA

VOD

Have the link to the VOD?

Description

Time

  • Played on: June 25, 2020, 6:26 a.m.
  • Length: 14:32

All games in this series

Show
View Real Time Build Order
Export as new Build Order

NXZ Zerg - Winner!

Build Orders: Hatch First 

Get SALT Encoding   

  12  0:00  Drone  
  13  0:12  Overlord  
  13  0:16  Drone  
  14  0:31  Drone  
  14  0:32  Drone  
  16  0:47  Hatchery  
  15  0:51  Drone  
  15  0:55  Drone  
  17  0:58  Drone  
  18  1:09  Extractor  
  17  1:14  Spawning Pool  
  17  1:16  Drone  
  17  1:20  Drone  
  18  1:28  Drone  
  19  1:38  Drone  
  20  1:50  Drone  
  21  2:00  Queen  
  21  2:01  Overlord, Queen  
  25  2:02  Zergling x2  
  26  2:10  Metabolic Boost  
  26  2:11  Drone x2  
  28  2:21  Drone  
  28  2:22  Drone  
  30  2:33  Hatchery  
  29  2:40  Zergling x4  
  29  2:43  Spine Crawler  
  30  2:45  Zergling x2  
  30  2:51  Zergling x2  
  30  2:53  Zergling x2  
  32  2:59  Baneling Nest  
  32  3:02  Zergling x2  
  29  3:06  Zergling x2  
  29  3:10  Zergling x2  
  27  3:15  Zergling x2  
  27  3:19  Zergling x2  
  19  3:34  Zergling x2  
  20  3:43  Baneling x2  
  20  3:44  Zergling x4  
  21  3:50  Zergling x2  
  21  3:56  Zergling x4  
  21  3:59  Baneling  
  22  4:15  Zergling x4, Baneling Nest  
  22  4:16  Zergling x2  
  24  4:21  Zergling x2  
  25  4:27  Zergling x4  
  26  4:33  Zergling x2  
  25  4:39  Zergling x4  
  25  4:43  Zergling x2  
  25  4:55  Zergling x6  
  28  5:04  Zergling x2  
  28  5:05  Zergling x2  
  27  5:10  Baneling x2  
  26  5:15  Drone x2  
  28  5:23  Zergling x4  
  28  5:40  Zergling x8  
  31  5:43  Baneling  
  31  5:48  Zergling x2  
  29  5:52  Zergling x2  
  30  5:59  Zergling x2  
  30  6:00  Zergling x2  
  28  6:08  Baneling x2  
  28  6:09  Zergling x4  
  30  6:13  Zergling x2  
  29  6:22  Zergling x2  
  29  6:23  Zergling x4  
  28  6:30  Baneling x2  
  26  6:36  Drone x2  
  27  6:44  Zergling x4  
  29  6:53  Zergling x6  
  25  7:11  Zergling x6  
  25  7:12  Zergling x4  
  23  7:16  Drone  
  23  7:21  Drone  
  25  7:28  Drone  
  26  7:33  Baneling x2  
  26  7:37  Drone  
  26  7:41  Drone  
  28  7:49  Drone  
  26  7:53  Drone  
  26  7:56  Drone  
  26  7:58  Drone  
  29  8:00  Baneling  
  29  8:04  Baneling x2  
  28  8:13  Zergling x4  
  29  8:33  Drone x8  
  37  8:35  Baneling  
  37  8:36  Baneling  
  37  8:45  Overlord  
  37  8:49  Drone  
  37  8:55  Queen  
  40  9:00  Queen  
  41  9:09  Zergling x8  
  46  9:10  Zergling x2  
  46  9:12  Zergling x2  
  47  9:17  Zergling x4  
  47  9:18  Zergling x2  
  50  9:24  Overlord  
  50  9:27  Overlord  
  50  9:29  Baneling x4  
  50  9:45  Evolution Chamber, Drone x2  
  49  9:46  Drone x3  
  49  9:51  Roach Warren  
  49  9:52  Drone x2  
  48  10:07  Zergling x10  
  48  10:08  Zergling x6  
  50  10:32  Roach x8  
  66  10:36  Overlord  
  65  10:44  Overlord x2  
  61  10:51  Roach x2  
  61  10:55  Zergling x10  
  70  11:02  Roach x3  
  70  11:04  Baneling x2  
  72  11:05  Baneling  
  72  11:09  Zergling x2  
  72  11:10  Zergling x4  
  75  11:14  Queen x2  
  75  11:18  Zergling x4  
  80  11:19  Zergling x2  
  83  11:25  Zergling x2  
  83  11:26  Zergling x6  
  81  11:41  Zergling x12  
  81  11:47  Zergling x2  
  87  11:53  Queen x3  
  89  12:00  Zergling x8  
  73  12:16  Zergling x16  
  69  12:23  Spore Crawler  
  69  12:24  Spore Crawler  
  69  12:25  Spore Crawler  
  60  12:34  Lair  
  60  12:35  Drone x7  
  67  12:43  Drone x2, Queen  
  71  12:55  Extractor x2  
  71  12:57  Drone x5  
  70  12:58  Drone  
  70  13:00  Drone  
  70  13:04  Drone x2  
  71  13:06  Roach  
  71  13:08  Roach  
  71  13:10  Roach  
  71  13:12  Roach  
  79  13:16  Spore Crawler  
  79  13:17  Roach  
  79  13:22  Roach  
  71  13:54  Roach x5  
Show
View Real Time Build Order
Export as new Build Order

EnDerr Zerg 

Build Orders: Pool First 

Get SALT Encoding   

  12  0:01  Drone  
  13  0:08  Drone  
  14  0:15  Extractor  
  13  0:28  Spawning Pool  
  12  0:57  Hatchery  
  11  1:20  Metabolic Boost  
  11  1:26  Queen  
  13  1:35  Overlord  
  13  1:40  Zergling x2  
  14  1:55  Zergling x4  
  14  1:58  Zergling x2  
  19  2:18  Zergling x2  
  19  2:19  Zergling x2  
  21  2:24  Zergling x2  
  20  2:31  Zergling x6  
  20  2:34  Zergling x4  
  20  2:35  Zergling x2  
  26  2:45  Zergling x4  
  28  2:54  Overlord  
  28  3:04  Zergling x2  
  27  3:10  Zergling x2  
  27  3:11  Zergling x2  
  27  3:13  Zergling x2  
  27  3:18  Zergling x2  
  26  3:21  Zergling x2  
  26  3:26  Zergling x2  
  25  3:31  Zergling x2  
  25  3:41  Drone x2  
  25  3:45  Zergling x2  
  27  3:54  Zergling x4  
  22  4:04  Drone  
  22  4:05  Drone  
  22  4:06  Drone  
  22  4:09  Zergling x2  
  25  4:15  Drone  
  25  4:18  Drone  
  26  4:27  Zergling x2  
  26  4:28  Zergling x2  
  26  4:30  Zergling x2  
  29  4:33  Zergling x2  
  29  4:36  Zergling x2  
  27  4:44  Zergling x2  
  27  4:55  Zergling x2  
  27  4:56  Zergling x4  
  29  5:00  Baneling Nest  
  29  5:01  Zergling x4  
  29  5:06  Drone  
  28  5:09  Zergling x2  
  28  5:13  Zergling x2  
  29  5:15  Zergling x2  
  29  5:20  Zergling x2  
  31  5:21  Zergling x2  
  31  5:32  Zergling x2  
  27  5:36  Zergling x4  
  27  5:40  Zergling x2  
  27  5:41  Zergling x2  
  28  5:44  Zergling x2  
  28  5:45  Zergling x2  
  27  5:51  Zergling x2  
  27  5:53  Baneling x3  
  27  5:56  Zergling x2  
  27  6:00  Zergling x2  
  23  6:07  Drone  
  24  6:14  Drone  
  24  6:18  Zergling x4  
  27  6:19  Baneling  
  26  6:31  Zergling x2  
  28  6:32  Zergling x2  
  28  6:37  Baneling  
  28  6:38  Baneling x4  
  26  6:40  Zergling x2  
  26  6:45  Zergling x2  
  28  6:50  Zergling x4  
  29  7:07  Zergling x4  
  25  7:10  Zergling x2  
  25  7:12  Zergling x2  
  25  7:14  Baneling  
  25  7:21  Drone  
  26  7:24  Queen  
  26  7:26  Zergling x2  
  29  7:33  Baneling x2  
  29  7:34  Baneling  
  27  7:38  Zergling x2  
  27  7:48  Drone x3  
  29  7:52  Baneling  
  29  8:00  Queen  
  29  8:04  Drone x2  
  33  8:10  Drone  
  33  8:11  Drone  
  34  8:21  Drone  
  35  8:33  Drone, Overlord x2  
  36  8:36  Lair  
  36  8:52  Drone  
  36  8:53  Drone x4  
  41  8:57  Drone  
  41  9:02  Drone  
  42  9:06  Drone x2  
  43  9:14  Overlord, Extractor  
  43  9:15  Extractor  
  43  9:16  Drone x5  
  45  9:23  Baneling, Spine Crawler  
  44  9:29  Drone, Extractor  
  44  9:30  Drone  
  45  9:38  Overlord  
  45  9:40  Drone x2  
  47  9:48  Overlord  
  47  9:49  Zergling x4  
  49  9:54  Zergling x6  
  49  9:55  Zergling x2  
  49  9:59  Spire  
  50  10:01  Zergling x2  
  50  10:03  Zergling x2  
  49  10:13  Baneling  
  49  10:14  Baneling, Zergling x2  
  42  10:16  Zergling x2  
  42  10:23  Queen x2  
  42  10:24  Drone  
  47  10:30  Drone x2  
  47  10:31  Drone  
  47  10:34  Baneling x2  
  47  10:35  Spine Crawler  
  49  10:36  Baneling x2  
  49  10:45  Zergling x2  
  49  10:52  Zergling x2  
  50  11:02  Baneling  
  47  11:04  Baneling  
  47  11:12  Mutalisk, Spine Crawler  
  47  11:13  Mutalisk x3, Spine Crawler  
  47  11:14  Spine Crawler  
  52  11:21  Spine Crawler  
  52  11:22  Mutalisk  
  53  11:27  Mutalisk  
  53  11:30  Zergling x2  
  56  11:35  Mutalisk  
  51  11:40  Mutalisk  
  51  11:41  Zergling x4  
  51  11:46  Drone  
  54  11:52  Zergling x4  
  50  11:57  Zergling x2  
  43  12:05  Mutalisk  
  41  12:18  Zergling x4  
  39  12:23  Mutalisk  
  41  12:32  Zergling x4  
  43  12:37  Zergling x2  
  43  12:42  Zergling x2  
  45  12:44  Zergling x2  
  45  12:46  Zergling x2  
  45  12:47  Zergling x2  
  48  12:57  Zergling x4  
  50  13:10  Zergling x4  
  50  13:11  Queen  
  54  13:13  Zergling x2  
  54  13:18  Zergling x2  
  56  13:25  Zergling x2  
  57  13:28  Zergling x2  
  53  13:35  Zergling x2  
  53  13:38  Zergling x2  
  53  13:45  Zergling x2  
  49  13:51  Zergling x2  
  42  13:57  Zergling x2  
Tags
 
Add a new tag
Caveats
  • Supply blocks, unpowered buildings, or Contaminate may cause inaccurate times.
  • Supply counts are checked every 10 seconds.